Construct Section Command Post
Construct Platoon Command Post
Unlock Bishop Self-propelled Artillery
Bishop Self-propelled Artillery
Unlock M3 Stuart Light Tanks
Selects Indian Artillery Battlegroup
Selects Artillery Saturation
Selects Off-map Airburst Barrage
6-pounder Anti-tank Gun Team
Bishop Self-propelled Artillery
Bishop Self-propelled Artillery
Selects Gurkha Rifles Section
Construct Company Command Post
Selects Perimeter Monitor
Unlock Towed 17-pounder Anti-tank Guns
Bishop Self-propelled Artillery